 Dungeon Crawl Stone Soup version 0.29-a0-555-g3b24f45cc1 (webtiles) character file.

Game seed: 7472097793102005124

18 Hubjo the Insei (level 2, -3/21 HPs)
             Began as a Demonspawn Transmuter on June 7, 2022.
             Slain by a goblin
             ... wielding a +1 dagger of electrocution
              (4 damage)
             ... on level 1 of the Dungeon.
             The game lasted 00:00:25 (438 turns).

Hubjo the Insei (Demonspawn Transmuter)              Turns: 438, Time: 00:00:26

Health: -3/21      AC:  2    Str: 10    XL:     2   Next: 48%
Magic:  5/5        EV: 12    Int: 14    God:
Gold:   0          SH:  0    Dex: 13    Spells: 4/5 levels left

rFire   . . .      SeeInvis .     - Unarmed
rCold   . . .      Faith    .   (no shield)
rNeg    . . .      Spirit   .   a - +0 robe
rPois   .          Reflect  .   (no helmet)
rElec   .          Harm     .   (no cloak)
rCorr   .          Rampage  .   (no gloves)
Will    .....                   (no boots)
Stlth   +.........              (no amulet)
HPRegen 0.07/turn               (no ring)
MPRegen 0.09/turn               (no ring)

@: no status effects
A: weakness stinger 1
a: no special abilities


You were on level 1 of the Dungeon.
You visited 1 branch of the dungeon, and saw 1 of its levels.

Inventory:

Armour
 a - a +0 robe (worn)
Scrolls
 c - a scroll of teleportation {unknown}
 d - a scroll of identify {unknown}
Potions
 b - a potion of lignification


   Skills:
 * Level 1.6 Fighting
 - Level 1.7 Dodging
 + Level 0.7 Stealth
 + Level 2.8 Unarmed Combat
 + Level 2.1 Spellcasting
 + Level 2.0 Transmutations


You had 4 spell levels left.
You knew the following spells:

 Your Spells              Type           Power      Damage    Failure   Level
a - Beastly Appendage     Tmut           14%        N/A       11%         1

Your spell library contained the following spells:

 Spells                   Type           Power      Damage    Failure   Level
 Wereblood                Tmut           7%         N/A       16%         2
 Spider Form              Tmut/Pois      4%         N/A       43%         3
 Ice Form                 Ice/Tmut       4%         N/A       83%         4


Dungeon Overview and Level Annotations

Branches:
Dungeon (1/15)

Altars:


Innate Abilities, Weirdness & Mutations

You have a small tail.


Message History

You claw the giant cockroach, but do no damage.
You headbutt the giant cockroach, but do no damage.
The giant cockroach is almost dead.
Your transformation is almost over.
The goblin closely misses you. The giant cockroach misses you.
You hit the giant cockroach.
You kill the giant cockroach!
The goblin hits you with a +1 dagger of electrocution.
You closely miss the kobold. Your kick misses the kobold.
The goblin hits you with a +1 dagger of electrocution.
The kobold hits you with a +0 short sword.
You are too injured to fight recklessly!
You are too injured to fight recklessly!
You are too injured to fight recklessly!
You are too injured to fight recklessly!
You are too injured to fight recklessly!
You are too injured to fight recklessly!
You are too injured to fight recklessly!
You barely miss the kobold. The goblin closely misses you.
The kobold misses you.
You hit the kobold.
You kill the kobold!
The goblin misses you.
The goblin hits you with a +1 dagger of electrocution.
The goblin closely misses you.
The goblin hits you with a +1 dagger of electrocution.
* * * LOW HITPOINT WARNING * * *
The goblin barely misses you.
The goblin hits you with a +1 dagger of electrocution.
* * * LOW HITPOINT WARNING * * *
You hit the goblin but do no damage. Your kick misses the goblin.
Your horns disappear.
Your talons disappear.
The goblin barely misses you.
You hit the goblin.
The goblin is moderately wounded.
The goblin completely misses you.
You hit the goblin.
Your tail-slap misses the goblin.
The goblin is severely wounded.
The goblin hits you with a +1 dagger of electrocution.
You die...

#####....####
............# #..
#.#########.# #.# #
..# #.# #.#.# ..#
#.# #.#.# ..# # #.#
.... ..# .#
#.#+##.#######
..###..#
#....)........
......###
#....g@.####
...###..#.#.......#
###...............#
..................#
.#.#####..>.......#
...#####....#+#####
.......+....
.....###....#
>....######.


You could see a goblin.

Vanquished Creatures
  3 bats (D:1)
  2 endoplasms (D:1)
  2 giant cockroaches (D:1)
  A goblin (D:1)
  4 hobgoblins (D:1)
  A frilled lizard (D:1)
  A kobold (D:1)
  A rat (D:1)
15 creatures vanquished.

Notes
Turn   | Place    | Note
-------+----------+-------------------------------------------
     0 | D:1      | Hubjo the Demonspawn Transmuter began the quest for the
                  | Orb.
     0 | D:1      | Reached XP level 1. HP: 15/15 MP: 3/3
   194 | D:1      | Discovered your monstrous ancestry.
   194 | D:1      | Gained mutation: You have a small tail. [demonic ancestry]
   194 | D:1      | Reached XP level 2. HP: 20/21 MP: 3/5
   435 | D:1      | HP: 1/21 [goblin/+1 dagger of electrocution (5)]
   438 | D:1      | Slain by a goblin

Illustrated notes

Levels and vault maps discovered:
D:1:      dpeg_arrival_ternary, layout_basic,
          shapermc_ecumenical_altar_mp_vishouse

Skill      XL: |  1  2 |
---------------+-------+-----
Transmutations | 2 |  2.0
Fighting       | |  1.6
Dodging        | |  1.7
Stealth        | |  0.7
Unarmed Combat | |  2.8
Spellcasting   | |  2.1

Action                   || total
-------------------------++-------
Melee: Unarmed           ||    49
       Kick              ||     6
       Headbutt          ||     5
       Tailslap          ||     2
       Punch             ||     1
 Cast: Beastly Appendage ||     7
Armor: Robe              ||     6
Dodge: Dodged            ||    40

Table legend: (Time is in decaauts)
 A = Elapsed time spent in this place.
 B = Non-inter-level travel time spent in this place.
 C = Inter-level travel time spent in this place.
 D = Time resting spent in this place.
 E = Time spent auto-exploring this place.
 F = Levels seen in this place.
 G = Mean time per level.
                   A        B        C        D        E       F      G
               +--------+--------+--------+--------+--------+-----+--------+
         Total |    435 |    435 |      0 |      0 |    348 |   1 |  435.0 |
       Dungeon |    435 |    435 |      0 |      0 |    348 |   1 |  435.0 |
               +--------+--------+--------+--------+--------+-----+--------+

Top non-repeatable levels by time:
     D:1: 435 daAuts
